 Dungeon Crawl Stone Soup version 0.22-a0-422-g9628fc8 (webtiles) character file.

2735 raistware the Covert (level 9, -1/57 HPs)
             Began as a Vampire Wizard on May 17, 2018.
             Was a Believer of Sif Muna.
             Shot with an arrow by a centaur (15 damage)
             ... on level 9 of the Dungeon on May 18, 2018.
             The game lasted 00:51:32 (8160 turns).

raistware the Covert (Vampire Wizard)               Turns: 8160, Time: 00:51:33

Health: -1/57      AC:  7    Str:  6    XL:     9   Next: 40%
Magic:  9/18       EV: 13    Int: 24    God:    Sif Muna [**....]
Gold:   346        SH:  0    Dex: 12    Spells: 4/20 levels left

rFire    . . .     SeeInvis +   F - +2 dagger (protect)
rCold    . . .     Gourm    .   (no shield)
rNeg     + . .     Faith    .   a - +0 robe
rPois    .         Spirit   .   b - +0 hat
rElec    .         Reflect  .   (no cloak)
rCorr    +         Harm     .   r - +1 pair of gloves
MR       .....                  j - +2 pair of boots
Stlth    +++++.....             (no amulet)
HPRegen  0.19/turn              l - ring of wizardry
MPRegen  0.16/turn              I - ring of resist corrosion

@: no status effects
A: fangs 3, see invisible, unbreathing
a: Bat Form, Divine Energy, Renounce Religion


You were on level 9 of the Dungeon.
You worshipped Sif Muna.
Sif Muna was pleased with you.
You were not thirsty.

You visited 1 branch of the dungeon, and saw 9 of its levels.

You collected 544 gold pieces.
You spent 198 gold pieces at shops.

Inventory:

Hand Weapons
 w - a +0 blowgun
 F - a +2 dagger of protection (weapon)
 J - a +3 dagger of venom
Missiles
 n - 62 poisoned needles
 y - a throwing net (quivered)
Armour
 a - a +0 robe (worn)
 b - a +0 hat (worn)
 j - a +2 pair of boots (worn)
 r - a +1 pair of gloves (worn)
 x - a +0 buckler
 K - a +0 robe of magic resistance
Magical Staves
 E - an uncursed staff of wizardry
Jewellery
 c - an uncursed amulet of regeneration
 l - a ring of wizardry (left hand)
 I - a ring of resist corrosion (right hand)
 N - the amulet of the Four Planets {Gourm +Fly rN+ Dex+2}
   (You found it on level 9 of the Dungeon)

   [amulet of the gourmand]

   It allows you to eat raw meat even when not hungry.
   It affects your dexterity (+2).
   It protects you from negative energy.
   It lets you fly.
Wands
 d - a wand of digging (23)
 v - a wand of acid (4)
 D - a wand of paralysis (23)
 G - a wand of flame (27)
Scrolls
 e - a scroll of acquirement {unknown}
 f - 5 scrolls of remove curse
 g - 9 scrolls of identify
 h - a scroll of fog
 i - 6 scrolls of teleportation
 p - a scroll of magic mapping {unknown}
 q - 2 scrolls of fear {unknown}
 C - a scroll of silence {unknown}
 L - a scroll of holy word {unknown}
 M - a scroll of immolation {unknown}
Potions
 k - 4 potions of degeneration {unknown}
 m - a potion of flight
 o - 3 potions of magic
 s - 3 potions of heal wounds
 t - 5 potions of curing
 u - a potion of brilliance {unknown}
 z - a potion of haste
 A - 2 potions of berserk rage
 B - 2 potions of ambrosia {unknown}
 H - a potion of mutation {unknown}


   Skills:
 - Level 3.0 Dodging
 + Level 11.0 Stealth
 + Level 6.0 Spellcasting
 - Level 3.0 Conjurations
 + Level 7.9 Hexes
 - Level 1.0 Summonings
 - Level 1.0 Translocations
 - Level 1.3 Fire Magic
 + Level 5.3 Ice Magic


You had 4 spell levels left.
You knew the following spells:

 Your Spells              Type           Power        Failure   Level  Hunger
a - Magic Dart            Conj           ###.         1%          1    None
b - Call Imp              Summ           ##......     3%          2    None
c - Blink                 Tloc           N/A          3%          2    None
d - Conjure Flame         Conj/Fire      ###.....     4%          3    #......
e - Mephitic Cloud        Conj/Pois/Air  ##......     6%          3    #......
f - Ensorcelled Hibernat  Hex/Ice        #####.       1%          2    None
g - Confuse               Hex            #####...     1%          3    #......

Your spell library contained the following spells:

 Spells                   Type           Power        Failure   Level  Hunger
 Slow                     Hex            #####...     1%          2    None
 Tukima's Dance           Hex            #####...     1%          3    #......
 Corona                   Hex            #####..      1%          1    None
 Dazzling Spray           Conj/Hex       ####..       1%          3    #......


Dungeon Overview and Level Annotations

Branches:
Dungeon (10/15)            Temple (0/1) D:6            Lair (0/6) D:10
    Orc: D:9-12

Altars:
Ashenzari
Elyvilon
Gozag
Nemelex Xobeh
Qazlal
Sif Muna
Trog
Vehumet
Wu Jian
Zin
The Shining One

Shops:
D:4 }

Annotations:
D:4 exclusion: statue
D:10 Erolcha, Sonja


Innate Abilities, Weirdness & Mutations

You have razor-sharp teeth.
You have supernaturally acute eyesight. (SInv)
You can survive without breathing.


Message History

Unknown command.
Casting: Ensorcelled Hibernation (safe; 1% risk of failure)
Confirm with . or Enter, or press ? or * to list all spells.
Aiming: Ensorcelled Hibernation (safe; 1% risk of failure)
Press: ? - help, Shift-Dir - straight line, f - centaur
Aim: a centaur, wielding a shortbow (chance to defeat MR: 67%)
The centaur resists with significant effort.
The centaur shoots an arrow.
The arrow hits you!
The centaur shoots an arrow.
The arrow hits you!
Casting: Ensorcelled Hibernation (safe; 1% risk of failure)
Confirm with . or Enter, or press ? or * to list all spells.
Aiming: Ensorcelled Hibernation (safe; 1% risk of failure)
Press: ? - help, Shift-Dir - straight line, f/p - centaur
Aim: a centaur, wielding a shortbow (chance to defeat MR: 67%)
The centaur looks drowsy...
The centaur wields a shortbow.
The centaur shoots an arrow.
The arrow hits you.
The centaur shoots an arrow.
The arrow hits you.
* * * LOW HITPOINT WARNING * * *
The centaur shoots an arrow.
The arrow hits you!
You die...

#...###....#####...#
#.....>.########...#
#....#####.........#
#......##..#####...#
#.$.##....## #...#
#...###..†######...#
#..............#...#
#.#..#.#.........###
#.## #.##...(@...#
#. . ##....c..# #
#...........
#.......####
(......<.#
..........#
....c.?....#
.....#######


You could see 2 centaurs.

Vanquished Creatures
  2 orc warriors
  3 sky beasts
  A phantom (D:6)
  3 centaurs (D:6)
  2 ogres
  2 bullfrogs (D:6)
  A scorpion (D:6)
  5 killer bees (D:10)
  2 howler monkeys
  5 crimson imps
  2 jellies
  6 orc priests
  5 hounds
  7 orc wizards
  Jessica (D:3)
  5 worker ants
  3 hound skeletons
  A worker ant zombie (D:6)
  3 gnolls (D:3)
  12 adders
  A howler monkey skeleton (D:4)
  A shadow imp (D:7)
  3 oozes
  An adder skeleton (D:6)
  3 worms
  3 dart slugs
  6 leopard geckos
  35 orcs
  10 bats
  10 giant cockroaches
  5 goblins
  9 hobgoblins
  2 jackals (D:2)
  12 kobolds
  4 quokkas
  6 frilled lizards
  A giant cockroach zombie (D:5)
  A jackal zombie (D:5)
  9 rats
193 creatures vanquished.

Vanquished Creatures (collateral kills)
  An ogre (D:4)
1 creature vanquished.

Grand Total: 194 creatures vanquished

Notes
Turn   | Place    | Note
-------+----------+-------------------------------------------
     0 | D:1      | raistware the Vampire Wizard began the quest for the Orb.
     0 | D:1      | Reached XP level 1. HP: 13/13 MP: 4/4
   138 | D:1      | Reached skill level 1 in Conjurations
   282 | D:1      | Reached XP level 2. HP: 15/19 MP: 1/6
   286 | D:1      | Learned a level 2 spell: Call Imp
   289 | D:1      | Learned a level 2 spell: Blink
   601 | D:1      | Reached skill level 1 in Translocations
   959 | D:1      | Reached XP level 3. HP: 22/24 MP: 2/7
  1075 | D:1      | Learned a level 3 spell: Conjure Flame
  1764 | D:2      | Reached XP level 4. HP: 30/30 MP: 3/9
  1885 | D:2      | Reached skill level 4 in Stealth
  2349 | D:3      | Reached XP level 5. HP: 28/35 MP: 1/10
  2390 | D:3      | Learned a level 3 spell: Mephitic Cloud
  2514 | D:3      | Found a white marble altar of Elyvilon.
  2516 | D:3      | Found a glowing golden altar of the Shining One.
  2517 | D:3      | Found a glowing silver altar of Zin.
  2597 | D:3      | Reached skill level 1 in Fire Magic
  2979 | D:3      | Reached skill level 5 in Stealth
  3486 | D:3      | Noticed Jessica
  3498 | D:3      | Killed Jessica
  3498 | D:3      | Reached XP level 6. HP: 41/41 MP: 9/12
  3787 | D:4      | Learned a level 2 spell: Ensorcelled Hibernation
  3844 | D:4      | Reached skill level 6 in Stealth
  3844 | D:4      | Reached skill level 1 in Hexes
  3945 | D:4      | Found a radiant altar of Vehumet.
  3953 | D:4      | Reached skill level 1 in Ice Magic
  4112 | D:4      | Found Voetavvixt's Gadget Emporium.
  4134 | D:4      | Bought a wand of acid (5) for 198 gold pieces
  4171 | D:4      | Reached XP level 7. HP: 46/46 MP: 8/13
  4196 | D:4      | Found a deep blue altar of Sif Muna.
  4197 | D:4      | Found a stormy altar of Qazlal.
  4198 | D:4      | Found a shattered altar of Ashenzari.
  4204 | D:4      | Became a worshipper of Sif Muna the Loreminder
  4219 | D:4      | Found an ornate altar of the Wu Jian Council.
  4274 | D:4      | Reached skill level 7 in Stealth
  4317 | D:4      | Found a sparkling altar of Nemelex Xobeh.
  4501 | D:4      | Found an opulent altar of Gozag.
  4558 | D:5      | Entered Level 5 of the Dungeon
  5403 | D:5      | Reached skill level 8 in Stealth
  5529 | D:6      | Found a bloodstained altar of Trog.
  5640 | D:6      | Reached skill level 5 in Spellcasting
  5640 | D:6      | Reached skill level 5 in Hexes
  5640 | D:6      | Reached XP level 8. HP: 52/52 MP: 7/15
  5662 | D:6      | Learned a level 3 spell: Confuse
  5708 | D:6      | Reached * piety under Sif Muna
  5797 | D:6      | Found a staircase to the Ecumenical Temple.
  6072 | D:6      | Reached skill level 9 in Stealth
  6495 | D:6      | Reached skill level 10 in Stealth
  7131 | D:7      | Reached ** piety under Sif Muna
  7131 | D:7      | Reached XP level 9. HP: 33/57 MP: 1/17
  7625 | D:7      | You fall through a shaft for 3 floors!
  7625 | D:10     | Entered Level 10 of the Dungeon
  7625 | D:10     | Noticed a manticore
  7635 | D:10     | Noticed a gargoyle
  7636 | D:10     | Noticed a two-headed ogre
  7719 | D:10     | Noticed Sonja
  7757 | D:10     | Reached skill level 5 in Ice Magic
  8054 | D:10     | Noticed Erolcha
  8065 | D:10     | Noticed a two-headed ogre
  8085 | D:10     | Found a staircase to the Lair.
  8131 | D:9      | Got a scintillating graven amulet
  8133 | D:9      | Identified the amulet of the Four Planets {Gourm +Fly rN+ Dex+2} (You found it on level 9 of the Dungeon)
  8153 | D:9      | Reached skill level 11 in Stealth
  8160 | D:9      | Shot with an arrow by a centaur

Vault maps used:
D:1:      evilmike_arrival_run_for_it, hangedman_decor_points, amethyst_killhole
D:3:      good_gods_temple_1, first_ration, kennysheep_jessica_study
D:4:      kennysheep_mini_moat, vehumet_statue, marbit_many_paths, minitemple,
          serial_shops, shop_coins, grunt_gozag_breadcrumbs
D:6:      overflow_temple_1_default, minmay_temple_entry_glass,
          kennysheep_opposing_triangles
D:7:      grunt_ministairs_15
D:9:      erik_orc_1, serial_shops, kennysheep_little_box, roderic_lattice_a
D:10:     lair_entry_dummy, special_room, grunt_pizzeria, uniq_snorg,
          uniq_sonja, uniq_erolcha, uniq_grum

Skill      XL: |  1  2  3  4  5  6  7  8  9 |
---------------+----------------------------+-----
Conjurations   | 1 2 3 |  3.0
Translocations | 1 |  1.0
Dodging        | 3 |  3.0
Stealth        | 4 5 6 8 10 11 | 11.0
Fire Magic     | 1 |  1.3
Spellcasting   | 4 5 6 |  6.0
Hexes          | 2 5 7 |  7.9
Ice Magic      | 1 3 4 5 |  5.3
Summonings     | |  1.0

Action                   |  1- 3 |  4- 6 |  7- 9 || total
-------------------------+-------+-------+-------++-------
Melee: Unarmed           |    17 |       |       ||    17
       Dagger            |    61 |   197 |   295 ||   553
       Bite              |     4 |    15 |    19 ||    38
 Cast: Magic Dart        |    88 |   159 |    21 ||   268
       Call Imp          |     4 |     1 |     1 ||     6
       Blink             |     2 |       |     3 ||     5
       Mephitic Cloud    |       |     1 |     1 ||     2
       Ensorcelled Hiber |       |    13 |   101 ||   114
       Conjure Flame     |       |     1 |       ||     1
       Confuse           |       |       |    20 ||    20
Evoke: Wand              |       |       |     9 ||     9
  Use: Potion            |     5 |     4 |     1 ||    10
       Scroll            |       |       |     3 ||     3
 Stab: Sleeping          |     5 |    16 |    69 ||    90
       Confused          |       |     1 |     4 ||     5
       Distracted        |       |     1 |       ||     1
       Paralysed         |       |       |     2 ||     2
  Eat: Corpse            |     8 |    15 |    13 ||    36
Armor: Robe              |    29 |    67 |    80 ||   176
Dodge: Dodged            |    61 |   192 |   175 ||   428

Table legend:
 A = Spawn XP
 B = Non-spawn XP
 C = Spawn XP percentage of total XP
 D = Spawn monster count
 E = Non-spawn monster count
 F = Spawn count percentage of total count
 G = Total turns spent on level
                    A         B        C        D         E        F      G
               +---------+---------+-------+---------+---------+-------+---------
         Total |       0 |    3908 |   0.0 |       0 |     194 |   0.0 |  8160
               +---------+---------+-------+---------+---------+-------+---------
           D:1 |       0 |      47 |   0.0 |       0 |      25 |   0.0 |  1179
           D:2 |       0 |      94 |   0.0 |       0 |      31 |   0.0 |  1082
           D:3 |       0 |     263 |   0.0 |       0 |      43 |   0.0 |  1299
           D:4 |       0 |     455 |   0.0 |       0 |      14 |   0.0 |   998
           D:5 |       0 |     410 |   0.0 |       0 |      23 |   0.0 |   971
           D:6 |       0 |    1384 |   0.0 |       0 |      32 |   0.0 |  1288
           D:7 |       0 |     391 |   0.0 |       0 |      13 |   0.0 |   808
           D:9 |       0 |     133 |   0.0 |       0 |       1 |   0.0 |    67
          D:10 |       0 |     731 |   0.0 |       0 |      12 |   0.0 |   468
               +---------+---------+-------+---------+---------+-------+---------
